3AA
LANCASTER FARMERS @ BELVEDERE PARK RAWHIDES
09/14/2020
 
TOP OF THE 1ST
Lancaster Farmers batting - Pitching for Belvedere Park Rawhides : RHP Kevin Fields
Pitching: RHP Kevin Fields
Batting: LHB Alfonso Martínez 0-0: Ball
1-0: Fly out, F4 (Popup, 4)
Batting: RHB Eric Howard 0-0: Called Strike
0-1: Ball
1-1: Ball
2-1: SINGLE (Line Drive, 7S)
Batting: RHB Adrian Smith 0-0: Called Strike
0-1: Swinging Strike
0-2: Ball
1-2: Grounds into double play, 1-6-3 (Groundball, 13S)
Top of the 1st over - 0 run(s), 1 hit(s), 0 error(s), 0 left on base; Lancaster 0 - Belvedere Park 0
BOTTOM OF THE 1ST
Belvedere Park Rawhides batting - Pitching for Lancaster Farmers : RHP Craig Evans
Pitching: RHP Craig Evans
Batting: SHB Ron Bunch 0-0: Ball
1-0: Ball
2-0: Foul Ball, location: 2F
2-1: Ball
3-1: Fly out, F8 (Line Drive, 8RM)
Batting: RHB Victor Haley 0-0: Ball
1-0: SINGLE (Groundball, 5D)
Batting: LHB Kyle Bass 0-0: Ball
Victor Haley steals 2nd base
1-0: Ball
2-0: Ball
3-0: Base on Balls
Batting: RHB Tracy Parker 0-0: Grounds into double play, 4-6-3 (Groundball, 4)
Bottom of the 1st over - 0 run(s), 1 hit(s), 0 error(s), 1 left on base; Lancaster 0 - Belvedere Park 0
TOP OF THE 2ND
Lancaster Farmers batting - Pitching for Belvedere Park Rawhides : RHP Kevin Fields
Batting: RHB Júlio Santos 0-0: Ball
1-0: Swinging Strike
1-1: Ball
2-1: SINGLE (Flyball, 9LS)
Batting: SHB Carlos Rodríguez 0-0: Swinging Strike
0-1: Grounds into double play, 6-4-3 (Groundball, 6)
Batting: RHB Jason Ruffin 0-0: Swinging Strike
0-1: Swinging Strike
0-2: Ball
1-2: Foul Ball, location: 2F
1-2: Strikes out swinging
Top of the 2nd over - 0 run(s), 1 hit(s), 0 error(s), 0 left on base; Lancaster 0 - Belvedere Park 0
BOTTOM OF THE 2ND
Belvedere Park Rawhides batting - Pitching for Lancaster Farmers : RHP Craig Evans
Batting: LHB Jeff Sharp 0-0: Called Strike
0-1: Ball
1-1: Ball
2-1: Foul Ball, location: 2F
2-2: Ball
3-2: Foul Ball, location: 2F
3-2: Strikes out looking
Batting: RHB Michael Taylor 0-0: Called Strike
0-1: Ball
1-1: Ball
2-1: Ball
3-1: Fly out, F9 (Flyball, 8RM)
Batting: SHB Ryan Cook 0-0: Ball
1-0: Ball
2-0: Ball
3-0: Base on Balls
Batting: SHB Jason Alexander 0-0: Called Strike
0-1: Called Strike
0-2: Ball
1-2: Reached on Error, E9 (Flyball, 9LM)
Ryan Cook to third
Batting: RHB Marlon Cummins 0-0: Ball
1-0: Ball
2-0: Ball
3-0: Called Strike
3-1: Called Strike
3-2: Foul Ball, location: 2F
3-2: Fly out, F9 (Flyball, 9M)
Bottom of the 2nd over - 0 run(s), 0 hit(s), 1 error(s), 2 left on base; Lancaster 0 - Belvedere Park 0
TOP OF THE 3RD
Lancaster Farmers batting - Pitching for Belvedere Park Rawhides : RHP Kevin Fields
Batting: SHB Arturo Robles 0-0: Swinging Strike
0-1: Ground out 4-3 (Groundball, 4)
Batting: SHB Michel Perrin 0-0: Called Strike
0-1: SINGLE (Line Drive, 78S)
Batting: RHB Alfonso López 0-0: Called Strike
0-1: Swinging Strike
0-2: Ball
1-2: Strikes out swinging
Batting: LHB Alfonso Martínez 0-0: Called Strike
Throwing error on steal attempt, E2
Michel Perrin to third
0-1: SINGLE (Flyball, 8LS)
Michel Perrin scores
Batting: RHB Eric Howard 0-0: Called Strike
0-1: Ball
1-1: Ball
2-1: Foul Ball, location: 2F
2-2: Ball
3-2: Base on Balls
Alfonso Martínez to second
Batting: RHB Adrian Smith 0-0: Swinging Strike
0-1: Ball
1-1: Ball
2-1: Ball
3-1: Foul Ball, location: 2F
3-2: Foul Ball, location: 2F
3-2: Foul Ball, location: 2F
3-2: Foul Ball, location: 2F
3-2: Fly out, F7 (Flyball, 7M)
Top of the 3rd over - 1 run(s), 2 hit(s), 1 error(s), 2 left on base; Lancaster 1 - Belvedere Park 0
BOTTOM OF THE 3RD
Belvedere Park Rawhides batting - Pitching for Lancaster Farmers : RHP Craig Evans
Batting: SHB Ron Bunch 0-0: Called Strike
0-1: Ground out U3 (Groundball, 3S)
Batting: RHB Victor Haley 0-0: Ball
1-0: Fly out, F9 (Flyball, 9LM)
Batting: LHB Kyle Bass 0-0: Swinging Strike
0-1: Foul Ball, location: 2F
0-2: Strikes out swinging
Bottom of the 3rd over - 0 run(s), 0 hit(s), 0 error(s), 0 left on base; Lancaster 1 - Belvedere Park 0
TOP OF THE 4TH
Lancaster Farmers batting - Pitching for Belvedere Park Rawhides : RHP Kevin Fields
Batting: RHB Júlio Santos 0-0: Ball
1-0: Foul Ball, location: 2F
1-1: Ball
2-1: Ball
3-1: Foul Ball, location: 2F
3-2: Ground out 5-3 (Groundball, 5)
Batting: SHB Carlos Rodríguez 0-0: Called Strike
0-1: Swinging Strike
0-2: Ball
1-2: Ball
2-2: Ground out 1-3 (Groundball, 15)
Batting: RHB Jason Ruffin 0-0: Fly out, F7 (Flyball, 78S)
Top of the 4th over - 0 run(s), 0 hit(s), 0 error(s), 0 left on base; Lancaster 1 - Belvedere Park 0
BOTTOM OF THE 4TH
Belvedere Park Rawhides batting - Pitching for Lancaster Farmers : RHP Craig Evans
Batting: RHB Tracy Parker 0-0: Ball
1-0: Called Strike
1-1: Swinging Strike
1-2: Ball
2-2: Foul Ball, location: 2F
2-2: SINGLE (Groundball, 56D)
Batting: LHB Jeff Sharp 0-0: Ball
1-0: Ball
2-0: Called Strike
2-1: Fly out, F6 (Popup, 6M)
Batting: RHB Michael Taylor 0-0: Called Strike
0-1: Ball
1-1: Ball
2-1: Ball
3-1: Foul Ball, location: 2F
3-2: Base on Balls
Tracy Parker to second
Batting: SHB Ryan Cook 0-0: Foul Ball, location: 2F
0-1: Ball
1-1: Ball
2-1: Ball
3-1: Called Strike
3-2: SINGLE (Groundball, 6MD)
Tracy Parker to third
Michael Taylor to second
Runner from 3rd tries for Home, SAFE, no throw or cutoff
Batting: SHB Jason Alexander 0-0: Ball
1-0: Ball
2-0: Ground out 4-3 (Groundball, 4M)
Michael Taylor to third
Ryan Cook to second
Batting: RHB Marlon Cummins 0-0: Ball
1-0: Called Strike
1-1: Swinging Strike
1-2: Strikes out swinging
Bottom of the 4th over - 1 run(s), 2 hit(s), 0 error(s), 2 left on base; Lancaster 1 - Belvedere Park 1
TOP OF THE 5TH
Lancaster Farmers batting - Pitching for Belvedere Park Rawhides : RHP Kevin Fields
Batting: SHB Arturo Robles 0-0: Swinging Strike
0-1: Ground out 1-3 (Groundball, 13S)
Batting: SHB Michel Perrin 0-0: Called Strike
0-1: Ball
1-1: Ball
2-1: Ball
3-1: Ground out 4-3 (Groundball, 4)
Batting: RHB Alfonso López 0-0: Fly out, F8 (Line Drive, 8LXD)
Top of the 5th over - 0 run(s), 0 hit(s), 0 error(s), 0 left on base; Lancaster 1 - Belvedere Park 1
BOTTOM OF THE 5TH
Belvedere Park Rawhides batting - Pitching for Lancaster Farmers : RHP Craig Evans
Batting: SHB Ron Bunch 0-0: Called Strike
0-1: Ball
1-1: Ground out 4-3 (Groundball, 4M)
Batting: RHB Victor Haley 0-0: Ball
1-0: Ball
2-0: Ball
3-0: Called Strike
3-1: Base on Balls
Batting: LHB Kyle Bass 0-0: Swinging Strike
0-1: Ball
1-1: Ball
2-1: Called Strike
2-2: Ground out 2-3 (Groundball, 25)
Victor Haley to second
Batting: RHB Tracy Parker 0-0: Called Strike
0-1: Called Strike
0-2: Ball
1-2: Strikes out swinging
Bottom of the 5th over - 0 run(s), 0 hit(s), 0 error(s), 1 left on base; Lancaster 1 - Belvedere Park 1
TOP OF THE 6TH
Lancaster Farmers batting - Pitching for Belvedere Park Rawhides : RHP Kevin Fields
Batting: LHB Alfonso Martínez 0-0: Ball
1-0: Foul Ball, location: 2F
1-1: Fly out, F8 (Flyball, 8RS)
Batting: RHB Eric Howard 0-0: Called Strike
0-1: Fly out, F9 (Line Drive, 9M)
Batting: RHB Adrian Smith 0-0: Ball
1-0: Ground out 6-3 (Groundball, 6)
Top of the 6th over - 0 run(s), 0 hit(s), 0 error(s), 0 left on base; Lancaster 1 - Belvedere Park 1
BOTTOM OF THE 6TH
Belvedere Park Rawhides batting - Pitching for Lancaster Farmers : RHP Craig Evans
Batting: LHB Jeff Sharp 0-0: Ball
1-0: Foul Ball, location: 2F
1-1: Called Strike
1-2: Foul Ball, location: 2F
1-2: Foul Ball, location: 2F
1-2: Ball
2-2: Foul Ball, location: 2F
2-2: Ball
3-2: Foul Ball, location: 2F
3-2: Ground out 4-3 (Groundball, 4)
Batting: RHB Michael Taylor 0-0: Called Strike
0-1: Ball
1-1: Fly out, F9 (Line Drive, 9M)
Batting: SHB Ryan Cook 0-0: Called Strike
0-1: Foul Ball, location: 2F
0-2: Foul Ball, location: 2F
0-2: Ball
1-2: DOUBLE (Line Drive, 7LM)
Batting: SHB Jason Alexander 0-0: Ball
1-0: Called Strike
1-1: Ball
2-1: Ball
3-1: Base on Balls
Batting: RHB Marlon Cummins 0-0: Ball
1-0: Called Strike
1-1: Foul Ball, location: 2F
1-2: Strikes out swinging
Bottom of the 6th over - 0 run(s), 1 hit(s), 0 error(s), 2 left on base; Lancaster 1 - Belvedere Park 1
TOP OF THE 7TH
Lancaster Farmers batting - Pitching for Belvedere Park Rawhides : RHP Kevin Fields
Batting: RHB Júlio Santos 0-0: Ball
1-0: Called Strike
1-1: Called Strike
1-2: Ball
2-2: Ball
3-2: Foul Ball, location: 2F
3-2: Ground out 6-3 (Groundball, 6)
Batting: SHB Carlos Rodríguez 0-0: Called Strike
0-1: Called Strike
0-2: Ball
1-2: Strikes out swinging
Batting: RHB Jason Ruffin 0-0: Foul Ball, location: 2F
0-1: Ground out U3 (Groundball, 3)
Top of the 7th over - 0 run(s), 0 hit(s), 0 error(s), 0 left on base; Lancaster 1 - Belvedere Park 1
BOTTOM OF THE 7TH
Belvedere Park Rawhides batting - Pitching for Lancaster Farmers : RHP Craig Evans
Batting: SHB Ron Bunch 0-0: Called Strike
0-1: Foul Ball, location: 2F
0-2: Ball
1-2: Ball
2-2: Ball
3-2: Base on Balls
Batting: RHB Victor Haley 0-0: Bunt missed!
0-1: Sac Bunt - play at first, batter OUT! 5-4
Ron Bunch to second
Batting: LHB Kyle Bass 0-0: Ball
1-0: Foul Ball, location: 2F
1-1: Ball
Ron Bunch is caught stealing 3rd base
2-1: Called Strike
2-2: Ball
3-2: Foul Ball, location: 2F
3-2: Foul Ball, location: 2F
3-2: Foul Ball, location: 2F
3-2: Ground out 1-3 (Groundball, 13S)
Bottom of the 7th over - 0 run(s), 0 hit(s), 0 error(s), 0 left on base; Lancaster 1 - Belvedere Park 1
TOP OF THE 8TH
Lancaster Farmers batting - Pitching for Belvedere Park Rawhides : RHP Kevin Fields
Batting: SHB Arturo Robles 0-0: Swinging Strike
0-1: Ground out 1-3 (Groundball, 15)
Pinch Hitting: SHB Christos Galpin 0-0: Ground out 4-3 (Groundball, 4M)
Batting: RHB Alfonso López 0-0: DOUBLE (Flyball, 9LM)
Batting: LHB Alfonso Martínez 0-0: Called Strike
0-1: Ball
1-1: Swinging Strike
1-2: Ball
2-2: Strikes out swinging
Top of the 8th over - 0 run(s), 1 hit(s), 0 error(s), 1 left on base; Lancaster 1 - Belvedere Park 1
BOTTOM OF THE 8TH
Belvedere Park Rawhides batting - Pitching for Lancaster Farmers : RHP Craig Evans
Now in RF: Alan Potts
Batting: RHB Tracy Parker 0-0: Foul Ball, location: 2F
0-1: Ball
1-1: Foul Ball, location: 2F
1-2: Ball
2-2: Fly out, F8 (Flyball, 8RM)
Batting: LHB Jeff Sharp 0-0: Swinging Strike
0-1: Ball
1-1: Swinging Strike
1-2: Strikes out swinging
Batting: RHB Michael Taylor 0-0: Foul Ball, location: 2F
0-1: Ball
1-1: Called Strike
1-2: Foul Ball, location: 2F
1-2: SINGLE (Flyball, 8RS)
Pitching: RHP Craig Fawsyde
Batting: SHB Ryan Cook 0-0: Called Strike
0-1: Ball
1-1: Ball
2-1: Foul Ball, location: 2F
2-2: Ball
3-2: Foul Ball, location: 2F
3-2: Fly out, F8 (Flyball, 8LS)
Bottom of the 8th over - 0 run(s), 1 hit(s), 0 error(s), 1 left on base; Lancaster 1 - Belvedere Park 1
TOP OF THE 9TH
Lancaster Farmers batting - Pitching for Belvedere Park Rawhides : RHP Kevin Fields
Batting: RHB Eric Howard 0-0: Swinging Strike
0-1: Called Strike
0-2: Fly out, F3 (Popup, 3F)
Batting: RHB Adrian Smith 0-0: Foul Ball, location: 2F
0-1: Foul Ball, location: 2F
0-2: Ball
1-2: Ball
2-2: Fly out, F4 (Line Drive, 4M)
Batting: RHB Júlio Santos 0-0: Foul Ball, location: 2F
0-1: Foul Ball, location: 2F
0-2: SINGLE (Line Drive, 7S)
Pitching: RHP Walt Newell
Batting: SHB Carlos Rodríguez 0-0: Ball
1-0: Ball
2-0: Ball
3-0: Base on Balls
Júlio Santos to second
Pinch Runner at 2nd Jim Unknown:
Batting: RHB Jason Ruffin 0-0: Ball
1-0: Called Strike
1-1: Foul Ball, location: 2F
1-2: Strikes out looking
Top of the 9th over - 0 run(s), 1 hit(s), 0 error(s), 2 left on base; Lancaster 1 - Belvedere Park 1
BOTTOM OF THE 9TH
Belvedere Park Rawhides batting - Pitching for Lancaster Farmers : RHP Craig Fawsyde
Pitching: RHP Jim Unknown
Batting: SHB Jason Alexander 0-0: SINGLE (Line Drive, 34)
Batting: RHB Marlon Cummins 0-0: Sac Bunt - play at first, batter OUT! 2-4
Jason Alexander to second
Batting: SHB Ron Bunch 0-0: Called Strike
0-1: Ball
1-1: Fly out, F2 (Popup, 2LF)
Batting: RHB Victor Haley 0-0: SINGLE (Groundball, 56D)
Jason Alexander to third
Batting: LHB Kyle Bass 0-0: Called Strike
0-1: Ball
1-1: Foul Ball, location: 2F
1-2: Foul Ball, location: 2F
1-2: Foul Ball, location: 2F
1-2: SINGLE (Flyball, 78M)
Jason Alexander scores
This league is powered by Out of the Park Baseball, the baseball management simulation game for PC, Mac and Linux
Friday, October 23rd, 2015 - OOTP Baseball 16.9 Build 39